 Dungeon Crawl Stone Soup version 0.31-a0-210-gccc998df9b (webtiles) character file.

Game seed: 14145462668020535660

18 Ekaitz the Ruffian (level 2, -3/23 HPs)
             Began as a Draconian Transmuter on June 30, 2023.
             Slain by a cerulean imp
             ... wielding a +2 spear
             ... summoned by Natasha
              (5 damage)
             ... on level 2 of the Dungeon.
             The game lasted 00:01:13 (816 turns).

Ekaitz the Ruffian (Draconian Transmuter)            Turns: 816, Time: 00:01:14

Health: -3/23      AC:  4    Str: 12    XL:     2   Next: 51%
Magic:  5/5        EV: 12    Int: 13    God:
Gold:   90         SH:  0    Dex: 11    Spells: 2/5 levels left

rFire   . .          .
                       - Unarmed
rCold   . . .        (no shield)
rNeg    . . .        (body armour unavailable)
rPois   .            (helmet restricted)
rElec   .            (no cloak)
rCorr   .            (no gloves)
SInv    .            (no boots)
Will    .....        (no amulet)
Stlth   +            (no ring)
HPRegen 0.23/turn    (no ring)
MPRegen 0.09/turn

%: no passive effects
@: no status effects
A: AC +4, unfitting armour, cold-blooded
a: no special abilities


You were on level 2 of the Dungeon.
You visited 1 branch of the dungeon, and saw 2 of its levels.

You collected 90 gold pieces.

Inventory:

Armour
 f - an orb of light
Scrolls
 b - a scroll of poison {unknown}
 c - 2 scrolls of revelation {unknown}
 d - a scroll of butterflies {unknown}
 e - a scroll of silence {unknown}
Potions
 a - a potion of lignification


   Skills:
 * Level 1.5 Fighting
 + Level 1.8 Dodging
 * Level 3.5 Unarmed Combat
 + Level 2.1 Spellcasting
 * Level 2.1 Transmutations


You had 2 spell levels left.
You knew the following spells:

 Your Spells              Type           Power      Damage    Failure   Level
a - Beastly Appendage     Tmut           12%        N/A       11%         1
b - Wereblood             Tmut           6%         N/A       16%         2

Your spell library contained the following spells:

 Spells                   Type           Power      Damage    Failure   Level
 Spider Form              Tmut/Pois      4%         N/A       45%         3
 Ice Form                 Ice/Tmut       4%         N/A       86%         4


Dungeon Overview and Level Annotations

Branches:
Dungeon (2/15)

Altars:

Annotations:
D:2 Natasha


Innate Abilities, Weirdness & Mutations

Your plain brown scales are hard. (AC +4)
You cannot fit into any form of body armour.
You are cold-blooded and may be slowed by cold attacks.


Message History

Natasha casts a spell at you.
The magic dart hits you but does no damage.
You hit Natasha.
Natasha is severely wounded.
The frilled lizard hisses.
Natasha casts a spell.
You barely miss Natasha.
Natasha is severely wounded.
Natasha claws you.
The cerulean imp hits you with a +0 spear.
You closely miss Natasha.
Your tail-slap misses Natasha.
Natasha is severely wounded.
Natasha claws you.
You barely miss Natasha.
Natasha is severely wounded.
The cerulean imp hits you with a +0 spear.
The frilled lizard bites you.
* * * LOW HITPOINT WARNING * * *
You closely miss Natasha.
Natasha is severely wounded.
Natasha mumbles some strange words.
The cerulean imp barely misses you. The frilled lizard closely misses you.
You barely miss Natasha.
Your tail-slap misses Natasha.
Natasha is severely wounded.
Natasha barely misses you. The cerulean imp closely misses you.
The frilled lizard bites you but does no damage.
You closely miss Natasha.
Natasha is severely wounded.
The cerulean imp hits you with a +2 spear.
* * * LOW HITPOINT WARNING * * *
Natasha stares at you and mumbles some strange words.
You resist with significant effort.
The cerulean imp hits you with a +0 spear.
* * * LOW HITPOINT WARNING * * *
The frilled lizard bites you.
* * * LOW HITPOINT WARNING * * *
You closely miss Natasha.
Your tail-slap misses Natasha.
You punch Natasha.
Natasha is almost dead.
The cerulean imp hits you with a +2 spear.
You die...

# .## . ..#
.##.###..
b..... .
#.####l.###...
#...h@5.....)#
######5.#####
#.<#
#..........
......#######
#####... .....
##.... ######


You could see Natasha, 2 cerulean imps and a frilled lizard.

Vanquished Creatures
  2 dart slugs (D:1)
  An endoplasm (D:1)
  2 giant cockroaches (D:1)
  2 goblins (D:1)
  3 ball pythons (D:1)
  A bat (D:1)
  2 kobolds (D:1)
  A rat (D:1)
14 creatures vanquished.

Notes
Turn   | Place    | Note
-------+----------+-------------------------------------------
     0 | D:1      | Ekaitz the Draconian Transmuter began the quest for the
                  | Orb.
     0 | D:1      | Reached XP level 1. HP: 16/16 MP: 3/3
   130 | D:1      | Reached XP level 2. HP: 11/23 MP: 5/5
   133 | D:1      | Learned a level 2 spell: Wereblood
   805 | D:2      | Noticed Natasha
   816 | D:2      | Slain by a cerulean imp

Illustrated notes

Levels and vault maps discovered:
D:1:      elethiomel_arrival_fortress_basement, layout_basic,
          minmay_misc_feat_four_crosses, minmay_domino_4
D:2:      layout_loops_ring, uniq_crazy_yiuf_cottage, uniq_natasha

Action                     || total
---------------------------++-------
  Melee: Unarmed           ||    63
         Tailslap          ||     4
         Punch             ||     2
 Armour: Skin              ||    18
  Dodge: Dodged            ||    32

Table legend: (Time is in decaauts)
 A = Elapsed time spent in this place.
 B = Non-inter-level travel time spent in this place.
 C = Inter-level travel time spent in this place.
 D = Time resting spent in this place.
 E = Time spent auto-exploring this place.
 F = Levels seen in this place.
 G = Mean time per level.
                   A        B        C        D        E       F      G
               +--------+--------+--------+--------+--------+-----+--------+
         Total |    812 |    781 |     31 |      0 |    620 |   2 |  406.0 |
       Dungeon |    812 |    781 |     31 |      0 |    620 |   2 |  406.0 |
               +--------+--------+--------+--------+--------+-----+--------+

Top non-repeatable levels by time:
     D:1: 801 daAuts
     D:2: 11 daAuts
